 Dungeon Crawl Stone Soup version 0.31-a0-202-g547052bce9 (webtiles) character file.

Game seed: 6411872084260448161

294 qw the Skirmisher (level 6, -3/35 HPs)
             Began as a Deep Elf Hunter on June 26, 2023.
             Slain by a hobgoblin (5 damage)
             ... led by Robin
             ... on level 4 of the Dungeon.
             The game lasted 00:01:03 (2847 turns).

qw the Skirmisher (Deep Elf Hunter)                 Turns: 2847, Time: 00:01:05

Health: -3/35      AC:  6    Str: 10    XL:     6   Next: 11%
Magic:  8/8        EV:  9    Int: 14    God:
Gold:   134        SH:  0    Dex: 18    Spells: 5/5 levels left

rFire   . . .        Y - +0 shortbow (chaos)
rCold   . . .        (shield currently unavailable)
rNeg    . . .        k - +0 scale mail
rPois   .            (no helmet)
rElec   .            (no cloak)
rCorr   .            (no gloves)
SInv    .            (no boots)
Will    .....        (no amulet)
Stlth   +            (no ring)
HPRegen 0.25/turn    (no ring)
MPRegen 0.11/turn

%: no passive effects
@: no status effects
A: no striking features
a: no special abilities


You were on level 4 of the Dungeon.
You visited 1 branch of the dungeon, and saw 4 of its levels.

You collected 134 gold pieces.


   Skills:
 - Level 2.0 Fighting
 - Level 9.5 Ranged Weapons
 + Level 0.4 Armour
 - Level 2.4 Dodging
 - Level 1.2 Stealth


You had 5 spell levels left.
You didn't know any spells.
Your spell library was empty.

Inventory:

Hand Weapons
 Y - a +0 shortbow of chaos (weapon)
Armour
 k - a +0 scale mail (worn)
 l - a +1 robe of fire resistance
Scrolls
 i - a scroll of identify
 j - a scroll of enchant armour
Potions
 a - a potion of mutation {unknown}
 b - a potion of might {unknown}
 d - a potion of enlightenment {unknown}
 e - 2 potions of curing
 f - a potion of haste {unknown}
 g - 2 potions of cancellation
 h - a potion of lignification {unknown}

Dungeon Overview and Level Annotations

Branches:
Dungeon (4/15)
 Temple: D:4-7

Altars:
Gozag

Annotations:
D:4 Robin


Message History

Robin roars a battlecry!
The hobgoblin goes into a battle-frenzy!
The hobgoblin hits you. The goblin hits you with a +0 club.
You shoot an arrow. The arrow closely misses the goblin.
The goblin no longer looks unusually strong.
The hobgoblin no longer looks unusually strong.
The hobgoblin closely misses you. The goblin hits you but does no damage.
The hobgoblin hits you but does no damage.
You shoot an arrow. The arrow hits the goblin!
You kill the goblin!
The hobgoblin no longer looks unusually strong.
Robin roars a battlecry!
The hobgoblins go into a battle-frenzy!
The hobgoblin hits you but does no damage.
The hobgoblin closely misses you. The hobgoblin hits you.
The hobgoblin hits you but does no damage.
You shoot an arrow. The arrow closely misses the hobgoblin.
The hobgoblin barely misses you. The hobgoblin completely misses you.
The hobgoblin closely misses you.
You shoot an arrow. The arrow hits the hobgoblin.
The arrow burns the hobgoblin.
The hobgoblin is severely wounded.
The hobgoblin hits you but does no damage.
The hobgoblin completely misses you.
The hobgoblin hits you but does no damage.
You shoot an arrow.
The arrow hits the hobgoblin but does no damage.
The hobgoblin is severely wounded.
The hobgoblin hits you but does no damage.
The hobgoblin hits you.
The hobgoblin hits you but does no damage.
You shoot an arrow. The arrow barely misses the hobgoblin.
The hobgoblin closely misses you. The hobgoblin hits you. x2
The hobgoblin closely misses you.
The hobgoblin hits you but does no damage.
The hobgoblin barely misses you.
You shoot an arrow. The arrow hits the hobgoblin.
The arrow freezes the hobgoblin.
You kill the hobgoblin!
The hobgoblin hits you.
You die...

... ... .%. ##. #.#
#.. #)# #.# #g# #.#
##g## #.# ##g@%##
#.#### ##..)).##
#^##.## ##.......#
###.#...####.........#
...........'.........+
###.#...####.........#
#.##.## ##.......##
#.#### ##[....## ...
##...##


You could see Robin and 2 hobgoblins.

Vanquished Creatures
  A scorpion (D:4)
  A sleepcap (D:4)
  Jessica (D:2)
  Ijyb (D:3)
  5 adders
  2 worms
  3 dart slugs
  6 bats
  5 endoplasms
  10 hobgoblins
  13 jackals
  8 kobolds
  4 quokkas
  3 ball pythons
  4 frilled lizards (D:1)
  14 goblins
  4 rats (D:1)
85 creatures vanquished.

Vanquished Creatures (others)
  An iguana (D:4)
1 creature vanquished.

Grand Total: 86 creatures vanquished

Notes
Turn   | Place    | Note
-------+----------+-------------------------------------------
     0 | D:1      | qw the Deep Elf Hunter began the quest for the Orb.
     0 | D:1      | Reached XP level 1. HP: 12/12 MP: 3/3
     0 | D:1      | 0 ||| qw: Version: 0.3-a-22-g0ed2b0b
     0 | D:1      | 0 ||| qw: Game counter: 6184
     0 | D:1      | 0 ||| qw: Melee chars always use a shield: true
     0 | D:1      | 0 ||| qw: God list: Okawaru
     0 | D:1      | 0 ||| qw: Allow faded altars: false
     0 | D:1      | 0 ||| qw: Do Orc after clearing Dungeon:15 true
     0 | D:1      | 0 ||| qw: Do second Lair branch before Depths: true
     0 | D:1      | 0 ||| qw: Lair rune preference: random
     0 | D:1      | 0 ||| qw: Goals: Normal
     0 | D:1      | 0 ||| PLANNING D:1-11
   128 | D:1      | Reached skill level 6 in Ranged Weapons
   128 | D:1      | Reached XP level 2. HP: 16/16 MP: 4/4
   542 | D:1      | Reached XP level 3. HP: 18/20 MP: 5/5
   704 | D:1      | 704 ||| READING scroll labelled EFEKEU SIAHA.
   705 | D:1      | 705 ||| READING scroll labelled ISHRE PUP IBA.
   706 | D:1      | 706 ||| READING 2 scrolls labelled JAN WUMEMI.
   707 | D:1      | 707 ||| DRINKING 3 coppery potions.
   708 | D:1      | 708 ||| DROPPING scroll of butterflies.
   842 | D:2      | Noticed Jessica
   846 | D:2      | Killed Jessica
   847 | D:2      | Reached skill level 7 in Ranged Weapons
   879 | D:2      | Reached XP level 4. HP: 25/25 MP: 6/6
  1109 | D:2      | Reached skill level 8 in Ranged Weapons
  1545 | D:2      | 1545 ||| READING 2 scrolls labelled KAEFFU MOXAGYE.
  1546 | D:2      | 1546 ||| READING scroll labelled JODENU XEINEJ.
  1547 | D:2      | 1547 ||| DRINKING 3 smoky purple potions.
  1548 | D:2      | 1548 ||| DROPPING scroll of vulnerability.
  1550 | D:2      | 1550 ||| Stepping ~*~*~tactically~*~*~ (cloud).
  1553 | D:2      | HP: 6/25 [poisoned by you (poison gas)]
  1558 | D:2      | HP: 2/25 [poisoned by you (poison gas)]
  1702 | D:3      | Noticed Ijyb
  1712 | D:3      | HP: 5/25 [Ijyb/puff of flame (10)]
  1713 | D:3      | Killed Ijyb
  1714 | D:3      | Reached XP level 5. HP: 6/29 MP: 7/7
  2004 | D:3      | Found an opulent altar of Gozag.
  2281 | D:3      | 2281 ||| UPGRADING to +0 scale mail.
  2291 | D:3      | 2291 ||| DROPPING +0 leather armour.
  2292 | D:3      | 2292 ||| READING scroll labelled FIOQOVV BASEU.
  2384 | D:4      | HP: 7/29 [poisoned by an adder]
  2494 | D:4      | Reached skill level 9 in Ranged Weapons
  2535 | D:4      | 2535 ||| READING scroll labelled XAYHYT OMOCHIHYL.
  2616 | D:4      | 2616 ||| READING scroll labelled BAPYW JANNOGAKK.
  2625 | D:4      | Reached XP level 6. HP: 20/35 MP: 8/8
  2751 | D:4      | 2751 ||| STAIRDANCE
  2828 | D:4      | Noticed Robin
  2842 | D:4      | HP: 7/35 [hobgoblin[Robin] (5)]
  2846 | D:4      | HP: 3/35 [hobgoblin[Robin] (2)]
  2847 | D:4      | Slain by a hobgoblin

Levels and vault maps discovered:
D:1:      scummos_arrival_checkerplants, layout_loops_ring
D:2:      layout_basic, serial_corexii_hall, corexii_hall_statues_u,
          corexii_hall_statues_i, uniq_jessica
D:3:      layout_basic, nicolae_overflow_hidden_temple, uniq_ijyb
D:4:      layout_loops_corners, small_statue_intersection, solitary_fountain,
          uniq_robin

Skill      XL: |  1  2  3  4  5  6 |
---------------+-------------------+-----
Ranged Weapons | 6 7 8 9 |  9.5
Fighting       | 2 |  2.0
Armour         | |  0.4
Dodging        | |  2.4
Stealth        | |  1.2

Action                     |  1- 3 |  4- 6 || total
---------------------------+-------+-------++-------
   Fire: Shortbow          |    94 |   157 ||   251
    Use: Scroll            |     3 |     5 ||     8
         Potion            |     1 |     1 ||     2
 Armour: Leather armour    |    16 |     5 ||    21
         Scale mail        |       |    27 ||    27
  Dodge: Dodged            |    34 |    54 ||    88

Table legend:
 A = Non-vault XP
 B = Vault XP
 C = Vault XP percentage of total XP
 D = Non-vault monster count
 E = Vault monster count
 F = Vault count percentage of total count
                 A         B        C        D         E       F
            +---------+---------+-------+---------+---------+-------
      Total |     334 |      89 |  21.0 |      75 |      11 |  12.8
            +---------+---------+-------+---------+---------+-------
        D:1 |      51 |       0 |   0.0 |      29 |       0 |   0.0
        D:2 |      77 |      37 |  32.5 |      22 |       1 |   4.3
        D:3 |      40 |      36 |  47.4 |      14 |       1 |   6.7
        D:4 |     166 |      16 |   8.8 |      10 |       9 |  47.4
            +---------+---------+-------+---------+---------+-------
